Cogmind - Beta 17.1 @@@ ROGUE MODE // 2026.08.27 @ 22:18:50 Player: Sparkworm Result: Destroyed by G-34 Mercenary with Small Laser Performance ------------- Evolutions (1) 500 Regions Visited (3) 600 Robots Destroyed (13) 65 Value Destroyed (439) 439 Prototype IDs (1) 20 Alien Tech Used (0) 0 Bonus (0) 0 TOTAL SCORE: 1624 Bonus ------- None Cogmind --------- Core Integrity 0/400 Matter 263/300 Energy 99/100 System Corruption 0% Temperature Cool (15) Movement Core (450) Ox8 Location -9/Materials Parts ------- > --- POWER (1) -------- (None) > --- PROPULSION (3) --- (None) > --- UTILITY (2) ------ Large Storage Unit Light Armor Plating > --- WEAPON (3) ------- Makeshift Sword > --- INVENTORY (15) --- Ion Engine Ion Engine Light Ion Engine Wheel Heat Sink Small Storage Unit Medium Storage Unit Large Storage Unit Bomb Drone Bay Small Laser Small Laser Small Laser Light Assault Rifle Peak State ------------ > --- POWER ------------ Ion Engine > --- PROPULSION ------- Light Treads Light Treads > --- UTILITY ---------- Large Storage Unit Experimental Sensor Array > --- WEAPON ----------- Particle Gun Grenade Launcher Makeshift Sword > --- INVENTORY -------- Ion Engine Ion Engine Wheel Small Storage Unit Medium Storage Unit Large Storage Unit Bomb Drone Bay Small Laser Small Laser Small Laser Light Assault Rifle [Rating: 22] Favorites ----------- Power Light Ion Engine Engine Light Ion Engine Propulsion Light Treads Treads Light Treads Utility Large Storage Unit Device Experimental Sensor Array Storage Large Storage Unit Protection Light Armor Plating Weapon Light Assault Rifle Energy Gun Particle Gun Ballistic Gun Light Assault Rifle Launcher Grenade Launcher Slashing Weapon Makeshift Sword Build | -11 -10 -10 -9 ------- Run | Yrd Mat Min Mat Slots Evolved 2 | . . . 2 Power . | . . . . Propulsion 1 | . . . 1 Utility . | . . . . Weapon 1 | . . . 1 Parts Attached 14 | 6 3 3 2 Power 3 | 2 . 1 . Engine 3 | 2 . 1 . Core . | . . . . Reactor . | . . . . Propulsion 2 | 2 . . . Treads 2 | 2 . . . Leg . | . . . . Wheel . | . . . . Hover . | . . . . Flight . | . . . . Utility 4 | . 2 1 1 Device 2 | . 1 1 . Storage 1 | . 1 . . Processor . | . . . . Hackware . | . . . . Protection 1 | . . . 1 Artifact . | . . . . Weapon 5 | 2 1 1 1 Energy Gun 2 | 1 1 . . Energy Cannon . | . . . . Ballistic Gun 1 | 1 . . . Ballistic Cannon . | . . . . Launcher 1 | . . 1 . Special Weapon . | . . . . Impact Weapon . | . . . . Slashing Weapon 1 | . . . 1 Piercing Weapon . | . . . . Special Melee Weapon . | . . . . Unidentified Prototypes 1 | . . 1 . Parts Lost 7 | . 1 . 6 Power 1 | . . . 1 Propulsion 2 | . . . 2 Utility 2 | . 1 . 1 Weapon 2 | . . . 2 Highest Loss Streak 4 | . 1 . 4 To Critical Strikes . | . . . . Average Backups 9 | 1 9 11 11 Power 2 | . 1 2 2 Propulsion . | . . . . Utility 4 | . 4 4 4 Weapon 3 | . 2 4 4 Tool/Special . | . . . . Unused Backups 14 | . 2 1 11 Power 2 | . . . 2 Propulsion 1 | . . . 1 Utility 8 | . 2 1 5 Weapon 3 | . . . 3 Tool/Special . | . . . . Average Slot Usage (%) 86 | . 89 96 69 Engine 12 | . 14 14 7 Treads 24 | . 28 28 16 Device 8 | . 4 10 10 Storage 12 | . 12 14 11 Energy Gun 8 | . 14 2 7 Ballistic Gun 10 | . 14 11 5 Launcher 6 | . . 14 5 Slashing Weapon 1 | . . . 5 Peak Build Rating 22 | 5 8 18 22 Average Rating 12 | 3 7 14 18 On Entrance 7 | . 5 8 18 Avg Prop Armor Cover (%) . | . . . . Naked Turns . | . . . . Heaviest Build 34 | 7 27 32 34 Greatest Support 40 | 40 40 40 40 Greatest Overweight (x) 8 | . . . 8 Average Overweight (x) . | . . . . Largest Inventory Capacity 15 | 5 15 15 15 Average Capacity 14 | 5 14 15 15 Most Carried 15 | 4 12 13 15 Average Carried 10 | 2 9 11 12 Final Capacity 15 | 5 15 15 15 Final Carried 14 | 3 11 12 14 Class Distribution -------------------- 89% | Mutant 10% | Skirmisher Dominant Class ---------------- Mutant | -10/Materials Mutant | -10/Mines Mutant | -9/Materials Resources | -11 -10 -10 -9 ----------- Run | Yrd Mat Min Mat Matter Collected 417 | 250 45 3 119 Remotely . | . . . . Salvage Created 437 | . 183 25 229 Parts 26 | . 13 1 12 Haulers Intercepted . | . . . . Recyclers Shooed . | . . . . Parts Field Recycled . | . . . . Retrieved Matter . | . . . . Parts Self-Destructed . | . . . . Prevented . | . . . . Parts Restored . | . . . . Kills | -11 -10 -10 -9 ------- Run | Yrd Mat Min Mat Combat Hostiles Destroyed 11 | . 4 2 5 Melee 4 | . . . 4 Guns 4 | . 4 . . AOE 3 | . . 2 1 Classes Destroyed 4 | . 1 . 3 Worker 1 | . . . 1 Watcher 1 | . . . 1 Grunt 9 | . 4 2 3 Sentry 2 | . . . 2 Best Kill Streak 3 | . 3 2 3 Combat Bots Only 3 | . 3 2 2 Max Kills in Single Turn 2 | . 1 1 2 Gunslinging . | . . . . Exploded 1 | . . 1 1 Melee 1 | . . . 1 Uniques/NPCs Destroyed . | . . . . Combat | -11 -10 -10 -9 -------- Run | Yrd Mat Min Mat Hostile Shots Fired 123 | . 30 8 85 Missed 25 | . 9 2 14 Hits 98 | . 21 6 71 Projectile 98 | . 21 6 71 Critical Strikes 2 | . . 1 1 Damage Taken 1270 | . 241 91 938 Core 431 | . 22 . 409 Absorbed by Shields . | . . . . Core Remaining (%) 95 | 100 . 91 . Volleys Fired 42 | . 27 5 10 Largest 3 | . 2 2 3 Hottest 115 | . 85 50 115 Shots Fired 74 | . 49 10 15 Gun 66 | . 49 5 12 Cannon . | . . . . Launcher 8 | . . 5 3 Special . | . . . . Kinetic 34 | . 27 5 2 Thermal 17 | . 7 . 10 Explosive 8 | . . 5 3 Electromagnetic 15 | . 15 . . Robot Hit Streak 7 | . 5 7 3 Robot Miss Streak 3 | . 3 1 1 Penetration Max . | . . . . Secondary Targets . | . . . . Shots Hit Robots 58 | . 32 7 19 Core Hits 25 | . 12 4 9 Critical Kills . | . . . . Critical Parts Destroyed . | . . . . Critical Strikes 2 | . 2 . . Burn 1 | . 1 . . Corrupt 1 | . 1 . . Melee Attacks 16 | . . . 16 Impact . | . . . . Slashing 16 | . . . 16 Piercing . | . . . . Sneak Attacks . | . . . . Combat Hostiles . | . . . . Follow-up Attacks . | . . . . Damage Inflicted 1164 | . 330 226 608 Guns 469 | . 330 14 125 Cannons . | . . . . Explosions 375 | . . 212 163 Melee 320 | . . . 320 Ramming . | . . . . Kinetic 179 | . 155 14 10 Thermal 185 | . 70 . 115 Explosive 375 | . . 212 163 Electromagnetic 105 | . 105 . . Impact . | . . . . Slashing 320 | . . . 320 Piercing . | . . . . Highest Corruption . | . . . . Average Corruption . | . . . . Corruption Purged . | . . . . Corruption Blocked . | . . . . Overload Shots . | . . . . Overflow Damage 13 | . . . 13 Projectiles . | . . . . Explosions . | . . . . Melee 13 | . . . 13 Knockbacks . | . . . . Impact . | . . . . Kinetic . | . . . . Secondary . | . . . . Self-Inflicted Damage . | . . . . Shots . | . . . . Rammed . | . . . . Targets Rammed . | . . . . Kicked . | . . . . Crushed . | . . . . Highest Temperature 228 | . 228 45 174 Average Temperature 59 | . 62 32 64 Received Heat Transfer 597 | . 108 69 420 Effects 1 | . 1 . . Interference 1 | . 1 . . Siege Activations . | . . . . Martial Activations . | . . . . Shielding Activations . | . . . . Robots Disrupted . | . . . . Combat Hostiles . | . . . . Robots Corrupted . | . . . . Combat Hostiles . | . . . . Parts Fried . | . . . . Impact Corruptions . | . . . . Robots Melted . | . . . . Combat Hostiles . | . . . . Parts Melted . | . . . . Heat Transferred 555 | . 259 . 296 Parts Sabotaged . | . . . . Parts Stolen . | . . . . Parts Stripped . | . . . . Power Chain Reactions . | . . . . Alert | -11 -10 -10 -9 ------- Run | Yrd Mat Min Mat Maximum Alert Level . | . . . . Low Security (%) 100 | 100 100 100 100 Level 1 . | . . . . Level 2 . | . . . . Level 3 . | . . . . Level 4 . | . . . . Level 5 . | . . . . High Security . | . . . . Max Security . | . . . . Peak Influence 65 | . 65 58 64 Initial . | . . . . Average 13 | . 16 10 17 Influence Increases 338 | . 111 58 169 Destroy 0b10 Robot/C 220 | . 80 40 100 Destroy 0b10 Robot/NC 10 | . . . 10 Destroy Leader 52 | . 10 10 32 Successful Hack 15 | . 6 . 9 Destroy Structure 26 | . . 8 18 Lose Combat Pursuer 15 | . 15 . . Influence Decreases 308 | . 111 58 139 Time Decay 244 | . 101 58 85 Lost Part 64 | . 10 . 54 Squads Dispatched 1 | . . . 1 Investigation 1 | . . . 1 Extermination . | . . . . Reinforcement . | . . . . Assault . | . . . . Garrison . | . . . . Intercept . | . . . . Searches Triggered . | . . . . Construction Impeded . | . . . . Haulers Reinforced . | . . . . Active Scanning Responses . | . . . . Cargo Convoy Interrupts . | . . . . Stealth | -11 -10 -10 -9 --------- Run | Yrd Mat Min Mat Distress Signals 2 | . . . 2 Communications Jammed . | . . . . Distress Signals . | . . . . Times Spotted 24 | . 13 2 9 Peak Tracking Total 8 | . 8 2 5 Tactical Retreats 1 | . 1 . . Traps | -11 -10 -10 -9 ------- Run | Yrd Mat Min Mat Traps Triggered . | . . . . Indirectly . | . . . . Trap Hack Attempts . | . . . . Triggered . | . . . . Disarmed . | . . . . Reprogrammed . | . . . . Reused . | . . . . Traps Extracted . | . . . . Installed . | . . . . Triggered . | . . . . Machines | -11 -10 -10 -9 ---------- Run | Yrd Mat Min Mat Machines Disabled . | . . . . Max in Single Turn . | . . . . Machines Repaired . | . . . . Machines Dismantled . | . . . . Machines Sabotaged . | . . . . Overloaded Fab Kills . | . . . . Hacking | -11 -10 -10 -9 --------- Run | Yrd Mat Min Mat Machines Accessed 5 | . 3 1 1 Terminals 3 | . 2 . 1 Fabricators . | . . . . Repair Stations . | . . . . Recycling Units 1 | . 1 . . Scanalyzers . | . . . . Garrison Access . | . . . . Total Hacks 11 | . 7 1 3 Successful 6 | . 4 1 1 Failed 5 | . 3 . 2 Catastrophic 1 | . 1 . . Database Lockouts . | . . . . Manual 7 | . 5 . 2 Terminals 9 | . 6 . 3 Fabricators . | . . . . Repair Stations . | . . . . Recycling Units 1 | . 1 . . Scanalyzers . | . . . . Garrison Access . | . . . . Terminal Hacks 5 | . 3 1 1 Record 1 | . 1 . . Open Door 1 | . . 1 . Level Access Points 2 | . 1 . 1 Emergency Access Points 1 | . 1 . . Fabricator Hacks . | . . . . Repair Station Hacks . | . . . . Recycling Unit Hacks 1 | . 1 . . Report Inventory 1 | . 1 . . Scanalyzer . | . . . . Garrison Access Hacks . | . . . . Unauthorized Hacks . | . . . . Terminals . | . . . . Fabricators . | . . . . Repair Stations . | . . . . Recycling Units . | . . . . Scanalyzers . | . . . . Garrison Access . | . . . . Data Cores Recovered . | . . . . Used . | . . . . Hacking Detections 4 | . 3 . 1 Full Trace Events 1 | . . . 1 Feedback Events . | . . . . Feedback Blocked . | . . . . Robot Schematics Acquired . | . . . . Robots Built . | . . . . Authchips . | . . . . Time . | . . . . Total Robot Build Rating . | . . . . Part Schematics Acquired . | . . . . Parts Built . | . . . . Authchips . | . . . . Time . | . . . . Total Part Build Rating . | . . . . Part Studies Acquired . | . . . . Parts Repaired . | . . . . Time . | . . . . Parts Recycled . | . . . . Recycled Matter . | . . . . Retrieved Matter . | . . . . Retrieved Components . | . . . . Parts Scanalyzed . | . . . . Part Schematics Acquired . | . . . . Parts Damaged . | . . . . Bothacking | -11 -10 -10 -9 ------------ Run | Yrd Mat Min Mat Used RIF Installer . | . . . . Robots Hacked . | . . . . Non-combat . | . . . . Combat . | . . . . Robot Hacks Applied . | . . . . Relay Couplers Released . | . . . . Fabnet Peak Effective % . | . . . . Robots Rewired . | . . . . Allies Hacked . | . . . . Hacks Repelled . | . . . . Allies | -11 -10 -10 -9 -------- Run | Yrd Mat Min Mat Total Allies . | . . . . Largest Group . | . . . . Highest-Rated Group . | . . . . Highest-Rated Ally . | . . . . Total Orders . | . . . . Ally Attacks . | . . . . Total Damage . | . . . . Kills . | . . . . Allies Corrupted . | . . . . Allies Melted . | . . . . Intel | -11 -10 -10 -9 ------- Run | Yrd Mat Min Mat Active Infowar (turns) 602 | . 135 247 220 Sensors 467 | . . 247 220 Terrain 135 | . 135 . . Robot Analysis Total . | . . . . Derelict Logs Recovered . | . . . . Drone Launches . | . . . . Drone Recoveries . | . . . . Exploration | -11 -10 -10 -9 ------------- Run | Yrd Mat Min Mat Turns Passed 980 | 67 360 318 235 Spaces Moved 484 | 39 168 185 92 Core 11 | 8 . . 3 Treads 473 | 31 168 185 89 Legs . | . . . . Wheels . | . . . . Hover . | . . . . Flight . | . . . . Fastest Speed 50 | 50 160 160 160 Average Speed 163 | 137 160 160 186 Slowest Speed 450 | 160 160 160 450 Overloaded Moves . | . . . . Propulsion Burnouts . | . . . . Robots Hopped . | . . . . Potential Cave-ins . | . . . . Cave-ins Triggered . | . . . . Exploration Rate (%) 18 | 3 24 33 14 Regions Visited 3 Branch Regions 1 Pre-discovered Areas . | . . . . Known Exits Taken 1 | . . 1 . Unknown Exits Taken 2 | 1 1 . . Scrap Searched . | . . . . Spaces Dug . | . . . . Terrain Destroyed 30 | . . 10 20 Melee . | . . . . Projectile . | . . . . AOE 30 | . . 10 20 Terrain Rammed . | . . . . Walls Destroyed . | . . . . Machines Disabled . | . . . . Actions | -11 -10 -10 -9 --------- Run | Yrd Mat Min Mat Total 593 | 52 217 198 126 Wait 4 | . 4 . . Move 481 | 38 167 184 92 Hop . | . . . . Pick Up 28 | 8 13 3 4 Fast Attach . | . . . . Attach 11 | 5 3 1 2 Detach . | . . . . Swap 6 | 1 . 3 2 Drop 5 | . 3 2 . Fire 42 | . 27 5 10 Melee 16 | . . . 16 Ram . | . . . . Kick . | . . . . Crush . | . . . . Escape Stasis . | . . . . Rewire . | . . . . Trap . | . . . . Miscellaneous . | . . . . Route ------- -11/Scrapyard -10/Materials (discovered 4 exits: Mat x3 / *Min) -10/Mines (discovered 2 exits: *Mat x2) -9/Materials (discovered 3 exits: Mat x3) History --------- Turn | Location | Event 30 | -11/Scrapyard | Discovered new exit (range 15) 68 | -11/Scrapyard | Entered Materials 128 | -10/Materials | Identified exit to Materials 332 | -10/Materials | Build established: Mutant 351 | -10/Materials | Discovered new exit (range 14) 428 | -10/Materials | Entered Mines 434 | -10/Mines | Met a Derelict bent on vengeance 495 | -10/Mines | Found a damaged Exp. Sensor Array with a note attached 498 | -10/Mines | Found Prototype Device 499 | -10/Mines | Identified Exp. Sensor Array 567 | -10/Mines | Found the Drone Emporium 572 | -10/Mines | Found Prototype Device 681 | -10/Mines | A weapon hastily lodged in a ceiling crevice suddenly fell to the ground 698 | -10/Mines | Discovered exit to Materials (range 5) 716 | -10/Mines | Discovered exit to Materials (range 11) 746 | -10/Mines | Entered Materials 746 | -9/Materials | Evolved 2 slots: Propulsion x1, Weapon x1 757 | -9/Materials | Identified exit to Materials 931 | -9/Materials | Core integrity fell below 50% 937 | -9/Materials | Lost 4 parts (1p1n2w) 972 | -9/Materials | Core integrity fell below 20% 981 | -9/Materials | Destroyed by G-34 Mercenary with Small Laser Last Messages --------------- 00911_ R-06 Scavenger collects Aluminum Leg. 00913_ Acquired Lgt. Ion Engine. 00913_ K-01 Serf collects debris. 00917_ R-06 Scavenger collects Terrain Scan Processor. 00918_ K-01 Serf collects debris. 00920_ R-06 Scavenger collects Imp. Ion Engine. 00923_ K-01 Serf collects debris. 00924_ R-06 Scavenger collects Structural Scanner. 00950_ Critical hit (Burn: +37). 00950_ Lgt. Treads destroyed. 00950_ Destroyed Heat Sink. 00952_ Y-45 Defender destroyed. 00954_ Acquired 60 matter. 00962_ Destroyed Heat Sink. 00966_ Exp. Sensor Array destroyed. 00970_ G-34 Mercenary destroyed. 00976_ Acquired Lgt. Armor Plating. Map ----- +----------------------------------------------------+ | ?????????????####+########+##### #########???? | | ??????????????# #?# = # # ???? | | ??????????????# "" #?# # # """""?????? | | ??????????????# "T #?# + + """"" #??? | | ??????????????# "" ### """ """ # # """"" #??? | | ??????????????# + + """ """ # # """"" #??? | | ??????????????# ### """ """ # # """"" #??? | | ??????????????# #?# # # """"" #??? | | ??????????????# #?# # # """"" #??? | | ??????????????# #?########### # #??? | | ??????????????####+#??????????## ##########??? | | ??????????????????????????????# #??????????? | | ??????????????????????????????# #??????????? | | ??????????????????????????????## * #??????????? | | ??????????????????????????????## ##??????????? | | ??????????????????????????????## ##??????????? | | ???????????????????##########?## #???????????? | | ???????????????????# #### #???????????? | | ???????????????????# """ #?# #???????????? | | ???????????????????# """ #??# #???????????? | | ???????????????????# """ #??# #???????????? | | ???????????????????# #??# #???????????? | | ???????????????????# """ #??# #???????????? | | ???????????????????# """ #??# #???????????? | | ???????????????????# g """ #??# #???????????? | | ???????????????????# g@ #??# #???????????? | | ???????????????????#####+####??# #???????????? | | ?????????????????# ### *%= #####% #???????????? | | ???????????? ! ##??????????? | | ?????????? ###?????????? | | ??????????? # #?????????? | | ???????????###+####### ##### # #?????????? | | ?????????????????????#######??## %# #?????????? | | ??????????????????????????????# !##?????????? | | ??????????????????????????????# ????????? | | ??????????????????????????????# T ???????? | | ??????????????????????????????# % ??????? | | ??????????????????????????????# ######?????? | | ??????????????????????????????#######??????????? | | ???????????????????????????????????????????????? | | ???????????????????????????????????????????????? | | ???????????????????????????????????????????????? | | ???????????????????????????????????????????????? | | ???????????????????????????????????????????????? | | ???????????????????????????????????????????????? | | ???????????????????????????????????????????????? | | ???????????????????????????????????????????????? | | ???????????????????????????????????????????????? | | ???????????????????????????????????????????????? | | ???????????????????????????????????????????????? | +----------------------------------------------------+ Best States ------------- Heat Dissipation 28 Energy Generation 10 Energy Capacity 250 Matter Stores 300 Matter Capacity 300 Sight Range 16 Robot Scan Range 20 Terrain Scan Range 14 Terrain Scan Density 10 Armor Coverage 150 Evasion (%) 40 Recoil Reduction 2 Item Schematics ----------------- None Robot Schematics ------------------ None Fabricated ------------ Nothing Repaired ---------- Nothing Studied --------- None Alien Tech Used ----------------- None Achievements -------------- None Challenges ------------ None Game ------ Seed SuperquantumAluminumTorch Manual? 0 Play Time 00:24:58 Cumulative 9.9 hours Start 2026.08.27 @ 21:52:23 End 2026.08.27 @ 22:18:50 Sessions 1 Manual Loads 0 Difficulty Rogue Special Mode None Game No. 7 Rogue 7 Adventurer 0 Explorer 0 Win Type - Total 0 Types 0/0/0/0/0/0/0/0/0/0 Lore% 2 Gallery% 11 Achievement% 6 Wizard Run 0 Options --------- Layout 1 ASCII 0 Keyboard 0 Movement Mouse Keybinds 0 Fullscreen 1 Font 24/Smallcaps Map View 50x35 Zoom Use 4% Tactical HUD 1 Map Filters NONE Filters NONE Steam 1 RUN: 646c3097-8b5e-45d0-b864-964918bbaab5